PIO (24 & UNDER)
SURREY SINNERS @ EAU CLAIRE ESQUIRES
08/31/2023
 
TOP OF THE 1ST
Surrey Sinners batting - Pitching for Eau Claire Esquires : LHP Rob Lucas
Pitching: LHP Rob Lucas
Batting: RHB Ryan Parrish 0-0: Foul Ball, location: 2F
0-1: Ground out 6-3 (Groundball, 56)
Batting: RHB Miguel Palácios 0-0: SINGLE (Line Drive, 8RS)
Batting: LHB Edmund Ross 0-0: Swinging Strike
0-1: Ball
1-1: Fly out, F2 (Popup, 2LF)
Batting: RHB Max Alexander 0-0: Called Strike
0-1: DOUBLE (Flyball, 89D)
Miguel Palácios to third
Runner from 3rd tries for Home, SAFE, no throw or cutoff
Batting: LHB Benny Richard 0-0: Fly out, F7 (Flyball, 7S)
Top of the 1st over - 1 run(s), 2 hit(s), 0 error(s), 1 left on base; Surrey 1 - Eau Claire 0
BOTTOM OF THE 1ST
Eau Claire Esquires batting - Pitching for Surrey Sinners : LHP Dennis Morales
Pitching: LHP Dennis Morales
Batting: RHB Eric Fuller 0-0: Ball
1-0: Ball
2-0: SINGLE (Line Drive, 9S)
Batting: LHB Jorge Fernández 0-0: Called Strike
Eric Fuller is caught stealing 2nd base
0-1: Foul Ball, location: 2F
0-2: SINGLE (Line Drive, 6MD)
Batting: RHB Roberto García 0-0: Called Strike
0-1: Ball
1-1: Swinging Strike
1-2: Ball
2-2: Foul Ball, location: 2F
2-2: Strikes out swinging
Batting: LHB Michael Cook 0-0: SINGLE (Groundball, 4M)
Jorge Fernández to second
Runner from 2nd tries for 3rd, SAFE after rundown.
Batting: RHB José Ruíz 0-0: Hit by Pitch
Michael Cook to second
Batting: RHB Norm Francis 0-0: Ball
1-0: Fly out, F9 (Flyball, 9M)
Bottom of the 1st over - 0 run(s), 3 hit(s), 0 error(s), 3 left on base; Surrey 1 - Eau Claire 0
TOP OF THE 2ND
Surrey Sinners batting - Pitching for Eau Claire Esquires : LHP Rob Lucas
Batting: RHB Horace Johnson 0-0: Ground out 6-3 (Groundball, 6)
Batting: SHB Lawrence Steward 0-0: Swinging Strike
0-1: Ball
1-1: Ball
2-1: Ball
3-1: Foul Ball, location: 2F
3-2: Base on Balls
Batting: RHB Víctor Arredondo 0-0: Ball
1-0: Fly out, F7 (Line Drive, 7M)
Batting: RHB Quincy Vance 0-0: Swinging Strike
Balk!
Lawrence Steward to second
0-1: Foul Ball, location: 2F
0-2: Ball
1-2: Fly out, F4 (Line Drive, 4)
Top of the 2nd over - 0 run(s), 0 hit(s), 0 error(s), 1 left on base; Surrey 1 - Eau Claire 0
BOTTOM OF THE 2ND
Eau Claire Esquires batting - Pitching for Surrey Sinners : LHP Dennis Morales
Batting: RHB Dave Parker 0-0: Foul Ball, location: 2F
0-1: Fly out, F4 (Popup, 4MD)
Batting: RHB Ronald Parsons 0-0: Fly out, F8 (Flyball, 8LD)
Batting: LHB Manny Salazar 0-0: Foul Ball, location: 2F
0-1: Swinging Strike
0-2: SINGLE (Line Drive, 7LM)
Batting: RHB Eric Fuller 0-0: Ball
1-0: Ball
2-0: Ball
3-0: Called Strike
3-1: Base on Balls
Manny Salazar to second
Batting: LHB Jorge Fernández 0-0: Ground out 5-3 (Groundball, 5S)
Bottom of the 2nd over - 0 run(s), 1 hit(s), 0 error(s), 2 left on base; Surrey 1 - Eau Claire 0
TOP OF THE 3RD
Surrey Sinners batting - Pitching for Eau Claire Esquires : LHP Rob Lucas
Batting: RHB Ryan Parrish 0-0: Ball
1-0: Called Strike
1-1: Ball
2-1: Ball
3-1: Foul Ball, location: 2F
3-2: Strikes out looking
Batting: RHB Miguel Palácios 0-0: Ball
1-0: Called Strike
1-1: Ball
2-1: Ball
3-1: Base on Balls
Batting: LHB Edmund Ross 0-0: Ball
1-0: Foul Ball, location: 2F
1-1: Ball
2-1: Called Strike
Miguel Palácios steals 2nd base
2-2: Ground out 4-3 (Groundball, 4)
Miguel Palácios to third
Batting: RHB Max Alexander 0-0: Ball
1-0: Foul Ball, location: 2F
1-1: Foul Ball, location: 2F
1-2: Ball
2-2: Ball
3-2: Strikes out swinging
Top of the 3rd over - 0 run(s), 0 hit(s), 0 error(s), 1 left on base; Surrey 1 - Eau Claire 0
BOTTOM OF THE 3RD
Eau Claire Esquires batting - Pitching for Surrey Sinners : LHP Dennis Morales
Batting: RHB Roberto García 0-0: Fly out, F6 (Popup, 4M)
Batting: LHB Michael Cook 0-0: Called Strike
0-1: Ball
1-1: Ball
2-1: Ball
3-1: Base on Balls
Batting: RHB José Ruíz 0-0: Ball
Michael Cook steals 2nd base
1-0: Called Strike
1-1: Ground out 1-3 (Groundball, 13)
Michael Cook to third
Batting: RHB Norm Francis 0-0: SINGLE (Flyball, 8LS)
Michael Cook scores
Batting: RHB Dave Parker 0-0: Swinging Strike
0-1: Ball
1-1: Called Strike
1-2: SINGLE (Line Drive, 4MD)
Norm Francis to second
Runner from 2nd tries for 3rd, SAFE, no throw or cutoff
Batting: RHB Ronald Parsons 0-0: Ball
1-0: Ball
2-0: Foul Ball, location: 2F
2-1: Ground out 5-3 (Groundball, 56)
Bottom of the 3rd over - 1 run(s), 2 hit(s), 0 error(s), 2 left on base; Surrey 1 - Eau Claire 1
TOP OF THE 4TH
Surrey Sinners batting - Pitching for Eau Claire Esquires : LHP Rob Lucas
Batting: LHB Benny Richard 0-0: Ball
1-0: Foul Ball, location: 2F
1-1: Fly out, F7 (Flyball, 7S)
Batting: RHB Horace Johnson 0-0: Called Strike
0-1: Ball
1-1: Ball
2-1: Swinging Strike
2-2: Ball
3-2: Foul Ball, location: 2F
3-2: Ground out 6-3 (Groundball, 6)
Batting: SHB Lawrence Steward 0-0: Ball
1-0: Ball
2-0: SINGLE (Flyball, 6MD)
Batting: RHB Víctor Arredondo 0-0: Called Strike
0-1: Ball
1-1: Ball
2-1: Foul Ball, location: 2F
2-2: Strikes out looking
Top of the 4th over - 0 run(s), 1 hit(s), 0 error(s), 1 left on base; Surrey 1 - Eau Claire 1
BOTTOM OF THE 4TH
Eau Claire Esquires batting - Pitching for Surrey Sinners : LHP Dennis Morales
Batting: LHB Manny Salazar 0-0: SINGLE (Groundball, 4MD)
Batting: RHB Eric Fuller 0-0: Foul Ball, location: 2F
0-1: Ball
1-1: Ball
2-1: Called Strike
2-2: Foul Ball, location: 2F
2-2: SINGLE (Line Drive, 6D)
Manny Salazar to second
Batting: LHB Jorge Fernández 0-0: Called Strike
Manny Salazar steals 3rd base
Eric Fuller to second
0-1: Foul Ball, location: 2F
0-2: Ball
Wild Pitch!
Manny Salazar scores
Eric Fuller to third
1-2: Ball
2-2: Ball
3-2: Fly out, F9 (Flyball, 89XD)
Runner from 3rd tags up, SCORES, no throw
Batting: RHB Roberto García 0-0: Ball
1-0: Ball
2-0: Ball
3-0: Called Strike
3-1: Called Strike
3-2: Base on Balls
Batting: LHB Michael Cook 0-0: Ball
1-0: Called Strike
1-1: Called Strike
1-2: Ball
2-2: Ball
3-2: Foul Ball, location: 2F
3-2: Fly out, F5 (Popup, 5SF)
Batting: RHB José Ruíz 0-0: Ball
1-0: SINGLE (Flyball, 8LS)
Roberto García to second
Batting: RHB Norm Francis 0-0: Ball
1-0: Fielders Choice at 2nd, 6-4 (Groundball, 6)
Bottom of the 4th over - 2 run(s), 3 hit(s), 0 error(s), 1 left on base; Surrey 1 - Eau Claire 3
TOP OF THE 5TH
Surrey Sinners batting - Pitching for Eau Claire Esquires : LHP Rob Lucas
Batting: RHB Quincy Vance 0-0: Ground out 4-3 (Groundball, 4)
Batting: RHB Ryan Parrish 0-0: Ball
1-0: Called Strike
1-1: Ball
2-1: Foul Ball, location: 2F
2-2: Ball
3-2: SINGLE (Line Drive, 34D)
Batting: RHB Miguel Palácios 0-0: Called Strike
0-1: Ball
1-1: Ball
2-1: Ball
3-1: Foul Ball, location: 2F
3-2: Foul Ball, location: 2F
3-2: Strikes out swinging
Ryan Parrish is caught stealing 2nd base
Batter strikes out.
Top of the 5th over - 0 run(s), 1 hit(s), 0 error(s), 0 left on base; Surrey 1 - Eau Claire 3
BOTTOM OF THE 5TH
Eau Claire Esquires batting - Pitching for Surrey Sinners : LHP Dennis Morales
Batting: RHB Dave Parker 0-0: SINGLE (Groundball, 56D)
Batting: RHB Ronald Parsons 0-0: Called Strike
0-1: SINGLE (Line Drive, 8RS)
Dave Parker to second
Batting: LHB Manny Salazar 0-0: Ball
1-0: Called Strike
1-1: Swinging Strike
1-2: Strikes out swinging
Batting: RHB Eric Fuller 0-0: Swinging Strike
0-1: Ball
1-1: Ball
2-1: Ball
3-1: Foul Ball, location: 2F
3-2: Strikes out swinging
Pitching: RHP Allen Bannatyne
Batting: LHB Jorge Fernández 0-0: Hit by Pitch
Dave Parker to third
Ronald Parsons to second
Batting: RHB Roberto García 0-0: Ball
1-0: Ball
2-0: SINGLE (Flyball, 34D)
Dave Parker scores
Ronald Parsons to third
Jorge Fernández to second
Runner from 3rd tries for Home, SAFE, no throw or cutoff
Batting: LHB Michael Cook 0-0: Called Strike
0-1: Foul Ball, location: 2F
0-2: Ball
1-2: Ball
2-2: Foul Ball, location: 2F
2-2: Ball
3-2: Foul Ball, location: 2F
3-2: Foul Ball, location: 2F
3-2: SINGLE (Groundball, 34D)
Jorge Fernández to third
Roberto García to second
Jorge Fernández scores
Roberto García to third
Batting: RHB José Ruíz 0-0: SINGLE (Line Drive, 9LS)
Roberto García scores
Michael Cook to second
Batting: RHB Norm Francis 0-0: Swinging Strike
0-1: Ball
Single, Error in OF, E9, batter to second base
Michael Cook scores
José Ruíz to third
Batting: RHB Dave Parker 0-0: SINGLE (Line Drive, 9S)
José Ruíz scores
Norm Francis to third
Runner from 3rd tries for Home, throw and OUT!
Bottom of the 5th over - 6 run(s), 7 hit(s), 1 error(s), 1 left on base; Surrey 1 - Eau Claire 9
TOP OF THE 6TH
Surrey Sinners batting - Pitching for Eau Claire Esquires : LHP Rob Lucas
Batting: LHB Edmund Ross 0-0: Ball
1-0: Swinging Strike
1-1: Called Strike
1-2: Strikes out swinging
Batting: RHB Max Alexander 0-0: Ball
1-0: Ball
2-0: Foul Ball, location: 2F
2-1: Ball
3-1: Base on Balls
Pitching: RHP Albert Fisher
Batting: LHB Benny Richard 0-0: Called Strike
0-1: Ball
1-1: Foul Ball, location: 2F
1-2: Ball
2-2: Fly out, F9 (Flyball, 9M)
Batting: RHB Horace Johnson 0-0: Swinging Strike
0-1: Ball
1-1: Foul Ball, location: 2F
1-2: Ball
2-2: Strikes out swinging
Top of the 6th over - 0 run(s), 0 hit(s), 0 error(s), 1 left on base; Surrey 1 - Eau Claire 9
BOTTOM OF THE 6TH
Eau Claire Esquires batting - Pitching for Surrey Sinners : RHP Allen Bannatyne
Pitching: RHP Ryan Balloun
Batting: RHB Ronald Parsons 0-0: Swinging Strike
0-1: Foul Ball, location: 2F
0-2: Strikes out looking
Batting: LHB Manny Salazar 0-0: Ball
1-0: Swinging Strike
1-1: Swinging Strike
1-2: Ball
2-2: Strikes out swinging
Batting: RHB Eric Fuller 0-0: Ball
1-0: SINGLE (Line Drive, 4MD)
Batting: LHB Jorge Fernández 0-0: Ball
1-0: Ball
2-0: Foul Ball, location: 2F
2-1: Ball
3-1: Foul Ball, location: 2F
3-2: Base on Balls
Eric Fuller to second
Batting: RHB Roberto García 0-0: SINGLE (Groundball, 5L)
Eric Fuller to third
Jorge Fernández to second
Runner from 3rd tries for Home, SAFE, no throw or cutoff
Batting: LHB Michael Cook 0-0: Ball
1-0: DOUBLE (Line Drive, 8LM)
Jorge Fernández scores
Roberto García to third
Runner from 3rd tries for Home, SAFE, throw made at trailing runner, SAFE at third!
Batting: RHB José Ruíz 0-0: Called Strike
0-1: Ball
1-1: Called Strike
1-2: Strikes out looking
Bottom of the 6th over - 3 run(s), 3 hit(s), 0 error(s), 1 left on base; Surrey 1 - Eau Claire 12
TOP OF THE 7TH
Surrey Sinners batting - Pitching for Eau Claire Esquires : RHP Albert Fisher
Batting: SHB Lawrence Steward 0-0: Ball
1-0: Called Strike
1-1: Called Strike
1-2: Foul Ball, location: 2F
1-2: Strikes out swinging
Batting: RHB Víctor Arredondo 0-0: Ball
1-0: Ball
2-0: Ball
3-0: Base on Balls
Batting: RHB Quincy Vance 0-0: Called Strike
0-1: Called Strike
0-2: Ball
1-2: Foul Ball, location: 2F
1-2: Strikes out looking
Víctor Arredondo steals 2nd base
Batter strikes out.
Batting: RHB Ryan Parrish 0-0: Fly out, F7 (Popup, 6D)
Top of the 7th over - 0 run(s), 0 hit(s), 0 error(s), 1 left on base; Surrey 1 - Eau Claire 12
BOTTOM OF THE 7TH
Eau Claire Esquires batting - Pitching for Surrey Sinners : RHP Ryan Balloun
Batting: RHB Norm Francis 0-0: Ball
1-0: Called Strike
1-1: Ball
2-1: Foul Ball, location: 2F
2-2: TRIPLE (Flyball, 7D)
Batting: RHB Dave Parker 0-0: Ball
1-0: Foul Ball, location: 2F
1-1: Ball
2-1: SINGLE (Flyball, 9LS)
Norm Francis scores
Pitching: RHP Pedro Días
Batting: RHB Ronald Parsons 0-0: Ball
1-0: Foul Ball, location: 2F
1-1: Called Strike
1-2: SINGLE (Line Drive, 4MD)
Dave Parker to second
Batting: LHB Manny Salazar 0-0: Ball
1-0: Bunted foul
1-1: Bunted foul
1-2: Foul Ball, location: 2F
1-2: Ground out 3-1 (Groundball, 34S)
Dave Parker to third
Ronald Parsons to second
Batting: RHB Eric Fuller 0-0: Called Strike
0-1: Ball
1-1: 3-RUN HOME RUN (Flyball, 8RXD), Distance : 400 ft
Batting: LHB Jorge Fernández 0-0: Called Strike
0-1: Swinging Strike
0-2: Strikes out swinging
Batting: RHB Roberto García 0-0: Foul Ball, location: 2F
0-1: Ball
1-1: Swinging Strike
1-2: Foul Ball, location: 2F
1-2: Ball
2-2: Ball
3-2: Strikes out swinging
Bottom of the 7th over - 4 run(s), 4 hit(s), 0 error(s), 0 left on base; Surrey 1 - Eau Claire 16
TOP OF THE 8TH
Surrey Sinners batting - Pitching for Eau Claire Esquires : RHP Albert Fisher
Now at C: Zack Flint
Batting: RHB Miguel Palácios 0-0: Ball
1-0: Swinging Strike
1-1: Swinging Strike
1-2: Ball
2-2: Strikes out looking
Pitching: RHP Ignacio Torres
Batting: LHB Edmund Ross 0-0: SINGLE (Groundball, 4MD)
Batting: RHB Max Alexander 0-0: Ball
1-0: Fly out, F8 (Flyball, 8LD)
Runner from 1st tags up, SAFE at 2nd
Batting: LHB Benny Richard 0-0: Called Strike
0-1: Ball
1-1: Called Strike
1-2: Ball
2-2: Strikes out swinging
Top of the 8th over - 0 run(s), 1 hit(s), 0 error(s), 1 left on base; Surrey 1 - Eau Claire 16
BOTTOM OF THE 8TH
Eau Claire Esquires batting - Pitching for Surrey Sinners : RHP Pedro Días
Batting: LHB Michael Cook 0-0: Called Strike
0-1: Ball
1-1: Ball
2-1: SOLO HOME RUN (Flyball, 89XD), Distance : 366 ft
Batting: RHB José Ruíz 0-0: Called Strike
0-1: Foul Ball, location: 2F
0-2: Ball
1-2: Foul Ball, location: 2F
1-2: Ball
2-2: Ball
3-2: Fly out, F8 (Flyball, 8RS)
Batting: RHB Norm Francis 0-0: Ball
1-0: Foul Ball, location: 2F
1-1: Ground out 6-3 (Groundball, 6)
Batting: RHB Dave Parker 0-0: Called Strike
0-1: DOUBLE (Groundball, 5L)
Batting: RHB Ronald Parsons 0-0: Swinging Strike
0-1: Ground out 5-3 (Groundball, 56)
Bottom of the 8th over - 1 run(s), 2 hit(s), 0 error(s), 1 left on base; Surrey 1 - Eau Claire 17
TOP OF THE 9TH
Surrey Sinners batting - Pitching for Eau Claire Esquires : RHP Ignacio Torres
Batting: RHB Horace Johnson 0-0: Called Strike
0-1: Fly out, F8 (Flyball, 8RD)
Batting: SHB Lawrence Steward 0-0: Called Strike
0-1: Fly out, F9 (Popup, 4D)
Batting: RHB Víctor Arredondo 0-0: Called Strike
0-1: Called Strike
0-2: Ball
1-2: Ball
2-2: Ball
3-2: Base on Balls
Batting: RHB Quincy Vance 0-0: Ball
1-0: Ball
2-0: Called Strike
2-1: Called Strike
2-2: Strikes out swinging
Top of the 9th over - 0 run(s), 0 hit(s), 0 error(s), 1 left on base; Surrey 1 - Eau Claire 17
This league is powered by Out of the Park Baseball, the baseball management simulation game for PC, Mac and Linux
Wednesday, December 2nd, 2015 - OOTP Baseball 16.8 Build 38